 Dungeon Crawl Stone Soup version 0.14.2 (webtiles) character file.

137 Amnesiac the Charlatan (level 2, 0/14 HPs)
             Began as a Spriggan Artificer on Feb 10, 2018.
             Succumbed to poison (a potion of poison)
             ... on Level 3 of the Dungeon.
             The game lasted 00:02:17 (859 turns).

Amnesiac the Charlatan (Spriggan Artificer)          Turns: 859, Time: 00:02:17

HP   0/14        AC  2     Str  7      XL: 2   Next: 86%
MP   5/5         EV 18     Int 13      God:
Gold 112         SH  0     Dex 16      Spells:  0 memorised,  1 level left

rFire  . . .     SeeInvis +     a - +0 short sword
rCold  . . .     Clarity  .     e - +0 robe
rNeg   . . .     Conserve .     (shield restricted)
rPois  .         rCorr    .     (helmet restricted)
rElec  .         rRot     .     (no cloak)
SustAb . .       Spirit   .     (gloves unavailable)
rMut   .         Warding  .     (boots unavailable)
Saprov . . .     Stasis   .     (no amulet)
MR     .....                    (no ring)
                                (no ring)

@: lethally poisoned, very quick, not resistant to hostile enchantments, fairly
stealthy
A: unfitting armour, see invisible, herbivore 3, speed 3, slow metabolism 2
a: no special abilities


You were on level 3 of the Dungeon.
You were not hungry.

You visited 1 branch of the dungeon, and saw 3 of its levels.

You collected 112 gold pieces.

Inventory:

Hand weapons
 a - a +0,+0 short sword (weapon)
 o - a cursed +0,-1 mace
 q - a cursed -1,-3 sling
Missiles
 p - 20 poisoned needles
Armour
 e - a +0 robe (worn)
Magical devices
 b - a wand of flame (12)
 c - a wand of enslavement (15)
 d - a wand of random effects (13)
 k - a wand of magic darts (8) {unknown}
Comestibles
 n - a bread ration
Scrolls
 g - 2 scrolls of identify {!r, unknown}
 j - a scroll of recharging {!r, unknown}
 l - a scroll of amnesia {!r, unknown}
 s - a scroll of enchant armour {!r, unknown}
Jewellery
 t - an uncursed amulet of the gourmand {unknown}
Potions
 f - a potion of porridge {!q}
 h - a potion of haste {!q, unknown}
 i - a potion of poison {!q}
 m - a potion of curing {!q, unknown}
 r - a potion of brilliance {!q, unknown}


   Skills:
 - Level 1.0 Fighting
 - Level 2.0 Short Blades
 + Level 3.4 Dodging
 - Level 2.0 Stealth
 * Level 4.5 Evocations


You had one spell level left.
You didn't know any spells.

Dungeon Overview and Level Annotations

Branches:
Dungeon (3/15)

Altars:


Innate Abilities, Weirdness & Mutations

You are tiny and cannot use many weapons and most armour.
You have supernaturally acute eyesight.
You are a herbivore.
You cover ground extremely quickly.
You need consume almost no food.


Message History

Found a scroll labeled MUZEIT UXIALI.
You barely miss the giant cockroach.
The giant cockroach bites you but does no damage.
You hit the giant cockroach but do no damage.
The giant cockroach completely misses you.
The giant cockroach bites you but does no damage.
You closely miss the giant cockroach.
The giant cockroach completely misses you.
You hit the giant cockroach but do no damage.
The giant cockroach barely misses you.
You hit the giant cockroach.
The giant cockroach is heavily wounded.
The giant cockroach closely misses you.
You closely miss the giant cockroach.
The giant cockroach is heavily wounded.
The giant cockroach barely misses you.
You hit the giant cockroach.
You kill the giant cockroach!
No target in view!
g - 2 scrolls labeled OJELET GRAUME {!r} (gained 1)
You now have 95 gold pieces (gained 3).
You see here a club.
You now have 112 gold pieces (gained 17).
r - a blue potion {!q} No target in view!
s - a scroll labeled MUZEIT UXIALI {!r} No target in view!
t - a dented steel amulet No target in view!
You enter a teleport trap!
Your surroundings suddenly seem different.
A giant newt and an adder come into view.
Found 13 arrows, a bubbling red potion and a robe.
There are monsters nearby!
There are monsters nearby!
The helpless adder fails to defend itself.
You slash the adder!
The adder is almost dead.
The adder completely misses you. The adder bites you.
You barely miss the adder.
The adder is almost dead.
The adder barely misses you.
You barely miss the adder.
The adder is almost dead.
The adder bites you.
You are lethally poisoned!
The adder poisons you!
You closely miss the adder.
The adder is almost dead.
* * * LOW HITPOINT WARNING * * *
You feel sick. The adder completely misses you. The giant newt bites you.
* * * LOW HITPOINT WARNING * * *
You completely miss the adder.
The adder is almost dead.
* * * LOW HITPOINT WARNING * * *
You feel sick. The adder misses you. The giant newt barely misses you.
The adder misses you.
Drink which item? (? for menu, Esc to quit)
Really quaff
i - 2 bubbling purple potions {!q}?
That liquid tasted very nasty...
You are more poisoned.
It was a potion of poison {!q}.
* * * LOW HITPOINT WARNING * * *
You feel sick. The adder misses you. The giant newt misses you.
You die...

....# ### ....###
#.. %........ #.#
......#. #..
###.#.# #.#
........ #.##
####... #.. ..
########.####
........S.@..#
.#####..l#...#
.............####
.................
.!........(..####
.....[.......#
#####.......#
####.#### .#


You could see an adder and a giant newt.

Vanquished Creatures
  5 bats
  2 giant cockroaches (D:3)
  3 goblins
  4 hobgoblins (D:2)
  A kobold (D:2)
  3 ball pythons
  2 giant newts
  4 rats
24 creatures vanquished.

Notes
Turn   | Place    | Note
--------------------------------------------------------------
     0 | D:1      | Amnesiac, the Spriggan Artificer, began the quest for the Orb.
     0 | D:1      | Reached XP level 1. HP: 9/9 MP: 2/2
    73 | D:1      | Reached skill level 1 in Fighting
   276 | D:2      | Reached XP level 2. HP: 2/14 MP: 5/5
   859 | D:3      | Succumbed to poison (a potion of poison)

Action                   || total
-------------------------++-------
Melee: Short sword       ||    87
Evoke: Wand              ||     5
  Use: Potion            ||     1
 Stab: Sleeping          ||     5
